 Dungeon Crawl Stone Soup version 0.26.1-2-gb8aa6d0cf2 (webtiles) character file.

Game seed: 8485501404819251844

32 Amaterasu the Vandal (level 3, -2/24 HPs)
             Began as a Halfling Hunter on Feb 17, 2021.
             Slain by an orc priest
             ... wielding a +0 club
              (4 damage)
             ... on level 3 of the Dungeon.
             The game lasted 00:01:18 (1345 turns).

Amaterasu the Vandal (Halfling Hunter)              Turns: 1345, Time: 00:01:18

Health: -2/24      AC:  6    Str: 13    XL:     3   Next: 42%
Magic:  3/3        EV: 14    Int:  9    God:
Gold:   55         SH:  0    Dex: 15    Spells: 2/2 levels left

rFire    . . .     SeeInvis .   a - +1 hunting sling
rCold    . . .     Faith    .   (shield restricted)
rNeg     . . .     Spirit   .   c - +0 leather armour
rPois    .         Reflect  .   p - +2 helmet
rElec    .         Harm     .   (no cloak)
rCorr    .         Rampage  .   (no gloves)
Will     .....                  (no boots)
Stlth    ++........             (no amulet)
HPRegen  0.08/turn              (no ring)
MPRegen  0.08/turn              (no ring)

@: no status effects
A: small, mutation resistance 1
a: no special abilities


You were on level 3 of the Dungeon.
You visited 1 branch of the dungeon, and saw 3 of its levels.

You collected 55 gold pieces.

Inventory:

Hand Weapons
 a - a +1 hunting sling (weapon)
 b - a +0 short sword
Armour
 c - a +0 leather armour (worn)
 p - a +2 helmet (worn)
Potions
 e - a potion of mutation
 g - a potion of curing
 i - a potion of heal wounds {unknown}
 n - a potion of flight {unknown}
 o - a potion of haste {unknown}
 q - a potion of lignification {unknown}
 r - a potion of might {unknown}


   Skills:
 - Level 1.7 Fighting
 * Level 7.3 Slings
 - Level 2.1 Dodging
 - Level 1.1 Stealth


You had 2 spell levels left.
You didn't know any spells.
Your spell library was empty.

Dungeon Overview and Level Annotations

Branches:
Dungeon (2/15)

Altars:


Innate Abilities, Weirdness & Mutations

You are small and have problems with some larger weapons.
You are somewhat resistant to further mutation.


Message History

The orc priest misses you. The orc hits you but does no damage.
There are monsters nearby!
There are monsters nearby!
There are monsters nearby!
There are monsters nearby!
There are monsters nearby!
There are monsters nearby!
There are monsters nearby!
There are monsters nearby!
There are monsters nearby!
There are monsters nearby!
There are monsters nearby!
You clumsily bash the orc priest but do no damage.
The orc priest is moderately wounded.
The bat closely misses you.
The orc priest hits you but does no damage.
The orc closely misses you. The orc hits you.
* * * LOW HITPOINT WARNING * * *
The orc priest hits you with a +0 club.
You die...

#.# #
#.# .
...
#.##.##
#(#...##
((....#


#oob# #@# #.# #.# #+# You could see an orc priest, an orc and a bat.

Vanquished Creatures
  An ooze (D:2)
  A worm (D:2)
  2 dart slugs (D:1)
  2 orcs (D:3)
  A giant cockroach (D:1)
  3 goblins (D:1)
  3 hobgoblins
  2 bats
  A kobold (D:2)
  2 rats (D:1)
18 creatures vanquished.

Notes
Turn   | Place    | Note
-------+----------+-------------------------------------------
     0 | D:1      | Amaterasu the Halfling Hunter began the quest for the Orb.
     0 | D:1      | Reached XP level 1. HP: 14/14 MP: 1/1
    20 | D:1      | Reached skill level 6 in Slings
   308 | D:1      | Reached XP level 2. HP: 19/19 MP: 2/2
  1246 | D:2      | Reached skill level 7 in Slings
  1246 | D:2      | Reached XP level 3. HP: 23/24 MP: 3/3
  1332 | D:2      | You fall into a shaft and drop 1 floor!
  1345 | D:3      | Slain by an orc priest

Illustrated notes

Levels and vault maps discovered:
D:1:      dpeg_arrival_refuge, layout_basic, serial_forest,
          infiniplex_forest_lined_3, infiniplex_forest_straight_3,
          infiniplex_forest_straight_2, infiniplex_forest_straight_5,
          infiniplex_forest_pool, infiniplex_forest_lined_room_2,
          infiniplex_forest_end_2, grunt_decor_junction
D:2:      kennysheep_big_flooded_room, layout_loops_corners,
          nicolae_ru_awakened_eye, uniq_jessica
D:3:      layout_loops_corners, vehumet_crystals, cheibrodos_ashenzari_chains

Skill      XL: |  1  2 |
---------------+-------+-----
Slings         | 6 7 |  7.3
Fighting       | |  1.7
Dodging        | |  2.1
Stealth        | |  1.1

Action                   || total
-------------------------++-------
Melee: Hunting sling     ||     2
 Fire: Hunting sling     ||    76
  Use: Scroll            ||     6
Armor: Leather armour    ||     9
Dodge: Dodged            ||    15
